 Dungeon Crawl Stone Soup version 0.29.1-12-g30fa7ad0bf (webtiles) character file.

Game seed: 17953612300729913229

14 Radix the Sneak (level 2, -4/20 HPs)
             Began as a Human Enchanter on Dec 18, 2022.
             Slain by Terence
             ... wielding a +0 mace
              (6 damage)
             ... on level 2 of the Dungeon.
             The game lasted 00:06:38 (1439 turns).

Radix the Sneak (Human Enchanter)                   Turns: 1439, Time: 00:06:39

Health: -4/20      AC:  4    Str:  8    XL:     2   Next: 55%
Magic:  4/4        EV: 11    Int: 15    God:
Gold:   47         SH:  0    Dex: 13    Spells: 5/5 levels left

rFire   + . .      SeeInvis .   a - +1 dagger
rCold   . . .      Faith    .   (no shield)
rNeg    . . .      Spirit   .   n - +0 leather armour
rPois   .          Reflect  .   (no helmet)
rElec   .          Harm     .   (no cloak)
rCorr   .          Rampage  .   (no gloves)
Will    .....                   p - +0 pair of boots
Stlth   ++........              (no amulet)
HPRegen 0.06/turn               (no ring)
MPRegen 0.09/turn               (no ring)

@: no status effects
A: hooves 1, fire resistance 1, low MP 1
a: no special abilities


You were on level 2 of the Dungeon.
You visited 1 branch of the dungeon, and saw 2 of its levels.

You collected 47 gold pieces.

Inventory:

Hand Weapons
 a - a +1 dagger (weapon)
Missiles
 i - 2 poisoned darts (quivered)
Armour
 b - a +0 robe
 n - a +0 leather armour (worn)
 p - a +0 pair of boots (worn)
Jewellery
 k - a ring of ice
Scrolls
 d - a scroll of identify {unknown}
 h - a scroll of immolation {unknown}
 j - a scroll of poison {unknown}
 l - a scroll of acquirement {unknown}
 m - a scroll of teleportation {unknown}
 o - a scroll of magic mapping {unknown}
Potions
 c - a potion of invisibility
 f - a potion of degeneration {unknown}
 g - a potion of curing


   Skills:
 + Level 0.7 Fighting
 + Level 1.3 Short Blades
 + Level 2.3 Dodging
 + Level 3.2 Stealth
 - Level 2.0 Spellcasting
 - Level 3.0 Hexes


You had 5 spell levels left.
You didn't know any spells.
Your spell library contained the following spells:

 Spells                   Type           Power      Damage    Failure   Level
 Ensorcelled Hibernation  Hex/Ice        12%        N/A       26%         2
 Confusing Touch          Hex            10%        N/A       28%         3
 Tukima's Dance           Hex            10%        N/A       28%         3
 Dazzling Flash           Conj/Hex       12%        N/A       45%         3


Dungeon Overview and Level Annotations

Branches:
Dungeon (2/15)

Altars:

Annotations:
D:2 Terence


Innate Abilities, Weirdness & Mutations

You have large cloven feet.
Your flesh is heat resistant. (rF+)
Your magical capacity is low. (-10% MP)


Message History

You hit Terence but do no damage.
Terence is moderately wounded.
Terence hits you with a +0 mace.
You hit Terence but do no damage.
Terence is moderately wounded.
Terence hits you but does no damage.
You closely miss Terence.
Terence is moderately wounded.
Terence hits you with a +0 mace!
* * * LOW HITPOINT WARNING * * *
Unknown command.
It was a potion of mutation.
You feel extremely strange.
You feel less energetic.
You feel resistant to heat.
Your feet thicken and deform.
Terence closely misses you.
It was a potion of curing.
You feel better.
A ball python comes into view.
Terence hits you with a +0 mace.
You hit Terence but do no damage.
Terence is moderately wounded.
Terence hits you but does no damage.
You hit Terence but do no damage.
Terence is moderately wounded.
Terence barely misses you.
You hit Terence but do no damage.
Terence is moderately wounded.
Terence hits you with a +0 mace!
* * * LOW HITPOINT WARNING * * *
You feel better. Terence closely misses you.
Throw: 3 darts (poison)
Press: ? - help, Q - select action Shift-Dir - straight line, f/p - Terence
Aim: Terence, wielding a +0 mace and wearing a +0 scale mail (moderately wounded, 60% to hit)
You throw a poisoned dart. The poisoned dart hits Terence.
Terence is poisoned.
Terence is moderately wounded.
Terence hits you with a +0 mace. Terence hits you with a +0 mace!
Ouch! That really hurt!
* * * LOW HITPOINT WARNING * * *
Terence attacks as you move away! Terence hits you with a +0 mace.
You die...

.............#...
..............#..(.#
....#..............#
..................$.
...............#.(#
..............[..####.
....#............>....
..........S...........
#......@@...........
##...................
......................
.#..#..........#!.....
...............#......
..###..........#......
##
###........########...
...............# ##..#
#####...<......##...#


You could see Terence (poisoned) and a ball python.

Vanquished Creatures
  2 endoplasms (D:1)
  A giant cockroach (D:2)
  2 goblins (D:1)
  2 quokkas (D:1)
  A bat (D:1)
  A frilled lizard (D:1)
  4 rats
13 creatures vanquished.

Notes
Turn   | Place    | Note
-------+----------+-------------------------------------------
     0 | D:1      | Radix the Human Enchanter began the quest for the Orb.
     0 | D:1      | Reached XP level 1. HP: 13/13 MP: 3/3
   546 | D:1      | Reached XP level 2. HP: 20/20 MP: 5/5
   835 | D:1      | Found a faded altar of an unknown god.
  1400 | D:2      | Noticed Terence
  1431 | D:2      | Gained mutation: Your magical capacity is low. (-10% MP)
                  | [potion of mutation]
  1431 | D:2      | Gained mutation: Your flesh is heat resistant. (rF+)
                  | [potion of mutation]
  1431 | D:2      | Gained mutation: You have large cloven feet. [potion of
                  | mutation]
  1439 | D:2      | Slain by Terence

Illustrated notes

Levels and vault maps discovered:
D:1:      elethiomel_arrival_infinity_welcomes_careful_drivers,
          layout_loops_ring, hellmonk_ecumenical_altar_zigzags
D:2:      layout_rooms, basic_altar, uniq_terence

Action                   || total
-------------------------++-------
Melee: Dagger            ||    55
       Punch             ||     1
Throw: Dart              ||     5
  Use: Potion            ||     4
 Stab: Sleeping          ||     2
Armor: Robe              ||     4
       Leather armour    ||     4
Dodge: Dodged            ||    25
